AoeStats
← pascapas

Arena

507359409Analyzed
4v4 RM · 15d ago on Sep 17, 2026· 40m 47s· 8 players
Game mode
Random Map
Map size
Large (8 player)
Population
200
Speed
Normal
Resources
Standard
Victory
Conquest
Starting age
Dark Age
Ending age
Imperial Age
RankedLock teamsTeams togetherTeam positionsShared explorationLock speedFull tech treeHidden civsTurbo modeCheats
Victory
Defeat
🇨🇴 Britons · Colombia
886
+14
🇪🇸 Spanish · Spain
824
+17
🇧🇷 Franks · Brazil
816
+17
🇨🇭 Burgundians · Switzerland
797
+18
🇺🇸 Burmese · United States
888
-19
🇳🇱 Goths · Netherlands
865
-17
🇧🇪 Japanese · Belgium
823
-16
🇿🇦 Ethiopians · South Africa
791
-14
AlexTAN
0:31 Loom
12:07 Feudal Age
16:29 Castle Age
14:30 Horse Collar
17:22 Heavy Plow
19:41 Double-Bit Axe
20:49 Bow Saw
21:37 Wheelbarrow
22:10 Fletching
22:21 Padded Archer Armor
26:50 Hand Cart
27:37 Yeomen
27:21 Gold Mining
27:21 Stone Mining
32:13 Imperial Age
30:55 Bodkin Arrow
34:53 Ballistics
35:34 Chemistry
36:56 Bracer
37:12 Leather Archer Armor
JJCalmon
11:56 Feudal Age
13:38 Double-Bit Axe
16:35 Castle Age
15:40 Stone Mining
18:03 Bow Saw
18:59 Wheelbarrow
39:52 Hand Cart
43:27 Imperial Age
SGTSanju
10:49 Feudal Age
15:35 Castle Age
14:12 Double-Bit Axe
14:54 Gold Mining
15:13 Horse Collar
17:00 Bow Saw
25:39 Heavy Plow
26:17 Wheelbarrow
26:37 Stone Mining
28:43 Redemption
29:21 Hand Cart
30:21 Caravan
33:29 Imperial Age
31:54 Bloodlines
31:56 Forging
31:51 Scale Barding Armor
34:36 Chain Barding Armor
34:52 Iron Casting
33:40 Cavalier
34:21 Husbandry
38:32 Chemistry
36:56 Paladin
38:14 Plate Barding Armor
38:39 Blast Furnace
pascapas
2:38 Loom
9:35 Wheelbarrow
12:12 Feudal Age
12:27 Double-Bit Axe
13:38 Wheelbarrow
15:40 Horse Collar
16:16 Bow Saw
18:00 Heavy Plow
22:58 Castle Age
21:42 Scale Barding Armor
21:36 Fletching
22:17 Gold Mining
23:10 Forging
24:14 Hand Cart
26:33 Gold Shaft Mining
25:24 Cavalier
26:05 Husbandry
26:57 Light Cavalry
29:08 Burgundian Vineyards
31:04 Iron Casting
30:50 Chain Barding Armor
35:01 Imperial Age
36:12 Paladin
37:57 Bodkin Arrow
WaterfietsXL
0:41 Loom
13:08 Feudal Age
18:21 Castle Age
16:27 Double-Bit Axe
17:17 Stone Mining
19:46 Bow Saw
19:45 Horse Collar
24:16 Heavy Plow
27:38 Gold Mining
33:38 Imperial Age
32:06 Wheelbarrow
31:18 Town Watch
32:20 Pikeman
33:47 Hand Cart
33:35 Town Patrol
33:44 Caravan
34:31 Anarchy
34:51 Conscription
35:00 Elite Huskarl
35:23 Capped Ram
Roberto_Panini
2:32 Loom
11:43 Feudal Age
12:43 Double-Bit Axe
18:32 Castle Age
19:06 Pikeman
20:34 Town Watch
31:18 Imperial Age
31:26 Halberdier
32:45 Elite Samurai
37:00 Onager
AzureMan
4:52 Loom
10:34 Feudal Age
11:50 Wheelbarrow
17:40 Castle Age
15:38 Stone Mining
16:38 Horse Collar
18:52 Hand Cart
21:54 Heavy Plow
23:03 Gold Mining
31:11 Imperial Age
28:34 Fletching
28:44 Town Watch
30:17 Bodkin Arrow
33:12 Chemistry
32:14 Bracer
32:51 Treadmill Crane
34:56 Town Patrol
35:02 Padded Archer Armor
35:13 Forging
35:09 Scale Barding Armor
36:11 Howdah
36:32 Conscription
Hondkop
0:27 Loom
12:01 Feudal Age
16:55 Castle Age
37:21 Imperial Age
36:17 Fletching
36:28 Padded Archer Armor
36:39 Forging
36:29 Scale Mail Armor
35:58 Elite Skirmisher
36:59 Town Watch
37:11 Bodkin Arrow
37:51 Town Patrol
38:27 Wheelbarrow
38:31 Conscription
39:22 Bracer
39:40 Leather Archer Armor
39:26 Bracer
38:54 Halberdier
Connection lost

Rejoining the realm…

Still unreachable

The connection could not be restored.

Session expired

The server has moved on; the page needs a fresh start.